 Dungeon Crawl Stone Soup version 0.23-a0-573-g25f4479 (webtiles) character file.

108 zishaf the Firebug (level 4, 0/35 HPs)
             Began as a Draconian Fire Elementalist on Dec 13, 2018.
             Slain by a bullfrog (3 damage)
             ... on level 3 of the Dungeon.
             The game lasted 00:06:00 (3726 turns).

zishaf the Firebug (Draconian Fire Elementalist)    Turns: 3726, Time: 00:06:01

Health: 0/35       AC:  6    Str: 10    XL:     4   Next: 58%
Magic:  7/7        EV: 12    Int: 17    God:
Gold:   115        SH:  0    Dex: 11    Spells: 4/7 levels left

rFire    . . .     SeeInvis .   a - +0 hand axe (venom)
rCold    . . .     Gourm    .   (no shield)
rNeg     . . .     Faith    .   (armour unavailable)
rPois    .         Spirit   .   (helmet restricted)
rElec    .         Reflect  .   (no cloak)
rCorr    .         Harm     .   (no gloves)
MR       .....                  k - +0 pair of boots (curse)
Stlth    ++........             (no amulet)
HPRegen  0.11/turn              (no ring)
MPRegen  0.10/turn              (no ring)

@: no status effects
A: unfitting armour, cold-blooded, AC +5
a: no special abilities


You were on level 3 of the Dungeon.
You were not hungry.

You visited 1 branch of the dungeon, and saw 4 of its levels.

You collected 115 gold pieces.

Inventory:

Hand Weapons
 a - a +0 hand axe of venom (weapon)
 b - a +0 hunting sling
Missiles
 p - 79 stones (quivered)
 s - 36 sling bullets
Armour
 k - a cursed +0 pair of boots (worn)
Scrolls
 d - 4 scrolls of identify {unknown}
 f - a scroll of fog {unknown}
 g - 2 scrolls of remove curse {unknown}
 h - 2 scrolls of magic mapping {unknown}
 i - a scroll of immolation {unknown}
 n - a scroll of noise {unknown}
 q - 2 scrolls of blinking {unknown}
 t - a scroll of amnesia {unknown}
Potions
 c - a potion of invisibility {unknown}
 e - 2 potions of lignification {unknown}
 j - a potion of curing {unknown}
 l - a potion of heal wounds {unknown}
 m - 2 potions of degeneration {unknown}
 r - 2 potions of mutation {unknown}
Comestibles
 o - 7 rations


   Skills:
 + Level 1.5 Fighting
 + Level 2.2 Dodging
 - Level 2.0 Stealth
 - Level 2.0 Spellcasting
 * Level 2.5 Conjurations
 * Level 4.0 Fire Magic


You had 4 spell levels left.
You knew the following spells:

 Your Spells              Type           Power        Failure   Level  Hunger
a - Flame Tongue          Conj/Fire      ##...        4%          1    #......
b - Throw Flame           Conj/Fire      ##....       8%          2    ###....

Your spell library contained the following spells:

 Spells                   Type           Power        Failure   Level  Hunger
 Conjure Flame            Conj/Fire      ##......     16%         3    ###....
 Inner Flame              Hex/Fire       #.......     26%         3    ###....
 Sticky Flame             Conj/Fire      ##......     45%         4    #####..
 Fireball                 Conj/Fire      ##........   80%         5    ######.


Dungeon Overview and Level Annotations

Branches:
Dungeon (4/15)
 Temple: D:4-7

Altars:
Ashenzari
Vehumet


Innate Abilities, Weirdness & Mutations

Your plain brown scales are hard. (AC +5)
You cannot fit into any form of body armour.
You are cold-blooded and may be slowed by cold attacks.


Message History

The bullfrog hits you!
You barely miss the bullfrog.
The bullfrog is lightly wounded.
The bullfrog closely misses you. The bullfrog hits you.
You slash the bullfrog!
The bullfrog is poisoned.
Your tail-slap misses the bullfrog.
The bullfrog is heavily wounded.
The bullfrog closely misses you. The bullfrog hits you.
You hit the bullfrog.
The bullfrog is severely wounded.
The bullfrog hits you.
* * * LOW HITPOINT WARNING * * *
The bullfrog hits you but does no damage.
You closely miss the bullfrog.
Your tail-slap misses the bullfrog.
The bullfrog is almost dead.
The bullfrog releases a deep croak.
The bullfrog hits you.
* * * LOW HITPOINT WARNING * * *
The bullfrog hits you.
You die...

#.#......##.# ####.#.......#.#
#..............# #.##.#.......###
########.##.........# #######
..#.......###.......# #.....#
#.#.####..###.......# #.###.#
....####.......#.#### ###.# #.#
..........######@# #...###..
.....###..# ##F## #...##...
##...# #..# #.a.# #...##.##
##...###..# #...# #####.###.##
.........## #...# #....)).....
##.......######.).####.##..#.#.#.
.......#.##..>.........##..#.#...
##.##......................#.#..#
##.......##............###.#.##..


You could see a bullfrog and a worker ant.

Vanquished Creatures
  Terence (D:2)
  Robin (D:2)
  An adder (D:2)
  A worm (D:2)
  A dart slug (D:1)
  A leopard gecko (D:2)
  An orc (D:3)
  2 giant cockroaches
  11 goblins
  14 hobgoblins
  2 jackals (D:1)
  2 quokkas (D:2)
  3 bats (D:1)
  A frilled lizard (D:3)
  5 kobolds
  5 rats
52 creatures vanquished.

Notes
Turn   | Place    | Note
-------+----------+-------------------------------------------
     0 | D:1      | zishaf the Draconian Fire Elementalist began the quest for
                  | the Orb.
     0 | D:1      | Reached XP level 1. HP: 14/14 MP: 3/3
   581 | D:1      | Reached XP level 2. HP: 22/22 MP: 3/5
  1420 | D:1      | Learned a level 2 spell: Throw Flame
  1543 | D:2      | Noticed Robin
  1566 | D:2      | Reached XP level 3. HP: 21/27 MP: 0/6
  1809 | D:1      | Reached skill level 1 in Fighting
  1866 | D:2      | Killed Robin
  2442 | D:2      | Noticed Terence
  2454 | D:2      | Killed Terence
  2454 | D:2      | Reached XP level 4. HP: 11/35 MP: 7/7
  2820 | D:2      | Reached skill level 4 in Fire Magic
  3280 | D:3      | Found a shattered altar of Ashenzari.
  3334 | D:3      | Found a radiant altar of Vehumet.
  3710 | D:4      | Noticed a bullfrog
  3726 | D:3      | Slain by a bullfrog

Vault maps used:
D:1:      saegor_arrival_simple_d
D:2:      first_ration, chequers_serial_rivers_micro_a, uniq_robin, uniq_terence
D:3:      vehumet_crystals, evilmike_ruin_ashenzari
D:4:      grunt_gozag_statues, uniq_ijyb

Skill      XL: |  1  2  3  4 |
---------------+-------------+-----
Stealth        | 2 |  2.0
Dodging        | 2 |  2.2
Fighting       | 1 |  1.5
Conjurations   | 2 |  2.5
Fire Magic     | 4 |  4.0
Spellcasting   | |  2.0

Action                   |  1- 3 |  4- 6 || total
-------------------------+-------+-------++-------
Melee: Unarmed           |    22 |       ||    22
       Hand axe          |    76 |    27 ||   103
       Tailslap          |    11 |     3 ||    14
 Fire: Hunting sling     |     7 |    14 ||    21
 Cast: Flame Tongue      |    25 |       ||    25
 Stab: Sleeping          |     1 |     1 ||     2
  Eat: Chunk             |     5 |     4 ||     9
Armor: Skin              |    31 |    11 ||    42
Dodge: Dodged            |    84 |    21 ||   105

Table legend:
 A = Non-vault XP
 B = Vault XP
 C = Vault XP percentage of total XP
 D = Non-vault monster count
 E = Vault monster count
 F = Vault count percentage of total count
                 A         B        C        D         E       F
            +---------+---------+-------+---------+---------+-------
      Total |      88 |      67 |  43.2 |      40 |      12 |  23.1
            +---------+---------+-------+---------+---------+-------
        D:1 |      34 |      10 |  22.7 |      19 |       5 |  20.8
        D:2 |      38 |      57 |  60.0 |      13 |       7 |  35.0
        D:3 |      16 |       0 |   0.0 |       8 |       0 |   0.0
            +---------+---------+-------+---------+---------+-------
